 Dungeon Crawl Stone Soup version 0.26.1-11-gd32895ea62 (webtiles) character file.

Game seed: 13706081042482937452

36 tizbic2 the Twirler (level 3, -4/30 HPs)
             Began as a Minotaur Gladiator on July 3, 2021.
             Slain by a goblin
             ... wielding a +0 club
             ... led by Robin
              (6 damage)
             ... on level 2 of the Dungeon.
             The game lasted 00:03:25 (743 turns).

tizbic2 the Twirler (Minotaur Gladiator)             Turns: 743, Time: 00:03:26

Health: -4/30      AC:  3    Str: 18    XL:     3   Next: 19%
Magic:  2/2        EV: 13    Int:  5    God:
Gold:   32         SH:  0    Dex: 12    Spells: 2/2 levels left

rFire    . . .     SeeInvis .   a - +0 quarterstaff
rCold    . . .     Faith    .   (shield currently unavailable)
rNeg     . . .     Spirit   .   b - +0 leather armour
rPois    .         Reflect  .   c - +0 hat
rElec    .         Harm     .   (no cloak)
rCorr    .         Rampage  .   (no gloves)
Will     .....                  (no boots)
Stlth    +.........             k - amulet of regeneration
HPRegen  0.50/turn              (no ring)
MPRegen  0.08/turn              (no ring)

@: no status effects
A: retaliatory headbutt, horns 2
a: no special abilities


You were on level 2 of the Dungeon.
You visited 1 branch of the dungeon, and saw 2 of its levels.

You collected 32 gold pieces.

Inventory:

Hand Weapons
 a - a +0 quarterstaff (weapon)
Missiles
 d - 3 throwing nets
 j - 17 poisoned darts (quivered)
Armour
 b - a +0 leather armour (worn)
 c - a +0 hat (worn)
Jewellery
 k - an amulet of regeneration (around neck)
Potions
 e - 2 potions of haste


   Skills:
 + Level 2.5 Fighting
 * Level 4.5 Staves
 + Level 2.0 Throwing
 * Level 1.2 Armour
 + Level 3.5 Dodging


You had 2 spell levels left.
You didn't know any spells.
Your spell library was empty.

Dungeon Overview and Level Annotations

Branches:
Dungeon (2/15)

Altars:

Annotations:
D:2 Robin


Innate Abilities, Weirdness & Mutations

You reflexively headbutt those who attack you in melee.
You have a pair of horns on your head.


Message History

You kill the hobgoblin!
A bat comes into view.
Robin throws the goblin at you! The goblin barely misses you.
You barely miss the goblin. Your headbutt misses the goblin.
The goblin no longer looks unusually strong. x4
The goblin hits you but does no damage.
Robin roars a battlecry!
The goblins go into a battle-frenzy!
The goblin hits you with a +0 dagger. The goblin hits you but does no damage.
You barely miss the goblin. The goblin hits you with a +0 club.
The goblin misses you. The goblin hits you but does no damage.
You hit the goblin.
The goblin is severely wounded.
The goblin hits you but does no damage. x3
You sock the goblin!
You kill the goblin!
Robin throws the goblin at you! The goblin hits you with a +0 club!
* * * LOW HITPOINT WARNING * * *
The goblin closely misses you. The goblin hits you with a +0 club.
You die...

#.# #....# #.#
#....# #.#
#....# ####'####
#....#
#.......###†...#
#.........'....#
#.......###....#
#.......# #g)g.#
#.......# ##@###
#.......# #g#
#.......#
#gr.gg.#
##.######
#.g....# #.
#g.....# #.
#......#
#......#
#.##...# #.#
...#


You could see Robin, a hobgoblin (strong), 4 goblins and a rat.

Vanquished Creatures
  A dart slug (D:1)
  A giant cockroach (D:1)
  10 goblins
  4 hobgoblins
  A quokka (D:2)
  7 bats
  2 frilled lizards
  2 kobolds (D:2)
  4 rats (D:1)
32 creatures vanquished.

Notes
Turn   | Place    | Note
-------+----------+-------------------------------------------
     0 | D:1      | tizbic2 the Minotaur Gladiator began the quest for the Orb.
     0 | D:1      | Reached XP level 1. HP: 18/18 MP: 0/0
   228 | D:1      | Reached skill level 1 in Armour
   228 | D:1      | Reached XP level 2. HP: 25/25 MP: 1/1
   331 | D:1      | Reached skill level 4 in Staves
   725 | D:2      | Noticed Robin
   728 | D:2      | Reached XP level 3. HP: 30/30 MP: 2/2
   743 | D:2      | Slain by a goblin

Illustrated notes

Levels and vault maps discovered:
D:1:      elethiomel_arrival_infinity_welcomes_careful_drivers, layout_basic,
          serial_park_tiny_1
D:2:      layout_basic, chequers_ecumenical_altar_grove, fedhas_altar_3,
          uniq_robin

Skill      XL: |  1  2 |
---------------+-------+-----
Armour         | 1 |  1.2
Staves         | 4 |  4.5
Fighting       | |  2.5
Throwing       | |  2.0
Dodging        | |  3.5

Action                   || total
-------------------------++-------
Melee: Quarterstaff      ||    51
       Headbutt          ||     7
Throw: Dart              ||     2
  Use: Scroll            ||     3
       Potion            ||     3
Armor: Leather armour    ||    21
Dodge: Dodged            ||    52
